Map: Cerulean Fall LE

Players

Bufoor - Winner!

  • Race: Terran Terran
  • League: Diamond
  • Spawn Location: 1:00

TuneTrigger

  • Race: Terran Terran
  • League: Diamond
  • Spawn Location: 7:00

VOD

Have the link to the VOD?

Description

Time

  • Played on: Nov. 23, 2018, 8:46 a.m.
  • Length: 11:20
Show
View Real Time Build Order
Export as new Build Order

Bufoor Terran - Winner!

Build Orders:  

Get SALT Encoding   

  12  0:01  SCV  
  13  0:15  SCV  
  13  0:18  Supply Depot  
  14  0:27  SCV  
  15  0:39  SCV, Refinery  
  16  0:45  Barracks  
  16  0:52  SCV  
  17  1:05  SCV  
  18  1:17  SCV  
  19  1:29  SCV  
  19  1:30  Refinery  
  20  1:36  Reaper  
  21  1:41  Orbital Command  
  21  1:49  Command Center  
  21  1:54  Refinery  
  21  2:01  Supply Depot  
  21  2:07  SCV  
  22  2:12  Reaper  
  23  2:18  Factory  
  24  2:22  SCV  
  23  2:44  Reaper  
  23  2:45  SCV  
  25  2:53  Barracks  
  25  2:58  SCV  
  26  3:08  Hellion  
  26  3:10  Starport  
  26  3:11  Orbital Command  
  28  3:13  SCV  
  29  3:22  Barracks Tech Lab  
  29  3:28  SCV  
  29  3:30  Factory Tech Lab  
  30  3:38  SCV  
  31  3:41  Marine, Stimpack  
  31  3:42  Barracks Reactor  
  32  3:55  SCV x2  
  34  3:58  Refinery  
  34  4:04  Raven  
  34  4:05  Marine  
  34  4:07  SCV x2  
  39  4:12  Factory Reactor  
  39  4:18  Supply Depot  
  39  4:24  SCV  
  39  4:25  Barracks, SCV  
  39  4:30  Marine  
  42  4:31  Marine x2  
  42  4:36  SCV  
  42  4:37  SCV  
  46  4:41  Engineering Bay, Supply Depot  
  46  4:48  SCV  
  46  4:51  SCV  
  49  4:57  Marine  
  49  4:58  Marine x2  
  50  5:00  SCV  
  50  5:01  Siege Tank  
  50  5:03  Medivac x2, SCV  
  50  5:05  Supply Depot  
  59  5:10  Terran Infantry Weapons Level 1  
  59  5:13  Barracks Reactor, SCV  
  60  5:16  Marine, SCV  
  62  5:23  Supply Depot  
  62  5:26  Marine x2  
  62  5:27  SCV  
  66  5:28  Supply Depot, SCV  
  66  5:34  Marine  
  66  5:39  SCV  
  66  5:40  SCV  
  68  5:43  Combat Shield  
  68  5:44  Siege Tank, Marine x2  
  73  5:51  Marine  
  73  5:52  Marine x2  
  73  5:53  SCV  
  73  5:54  Supply Depot  
  77  5:57  Medivac, Refinery  
  77  6:03  SCV  
  80  6:04  Marine  
  80  6:05  Marine, SCV  
  80  6:09  Marine  
  80  6:10  Marine  
  85  6:12  Marine  
  85  6:15  SCV  
  85  6:16  Siege Tank  
  85  6:17  SCV  
  91  6:21  Supply Depot  
  91  6:22  Marine x2  
  93  6:27  Supply Depot  
  93  6:30  Marine  
  94  6:42  Marine x2, SCV x2  
  94  6:46  Command Center  
  98  6:49  Siege Tank  
  98  6:50  Marine x3  
  104  6:56  Supply Depot  
  104  6:58  Supply Depot  
  104  7:00  Marine x2  
  106  7:04  Terran Infantry Armor Level 1  
  106  7:06  Engineering Bay  
  106  7:08  Armory  
  106  7:13  Marine x3  
  106  7:15  Medivac x2  
  111  7:22  Marine x2  
  115  7:29  Barracks  
  115  7:32  Marine  
  115  7:33  Barracks, Marine  
  117  7:44  Marine  
  117  7:45  Marine x2  
  120  8:00  Marine x2  
  120  8:02  Marine x2  
  120  8:03  Marine  
  125  8:07  Viking x2  
  125  8:09  Siege Tank  
  132  8:14  Terran Infantry Weapons Level 2, SCV x2  
  132  8:17  Marine  
  135  8:25  Supply Depot  
  135  8:26  Supply Depot, Barracks Reactor x2  
  135  8:28  Marine  
  135  8:29  Marine x2  
  136  8:43  Orbital Command  
  119  8:56  Marine x5  
  119  9:02  Marine x4  
  128  9:13  Marine  
  128  9:14  Marine x4  
  117  9:20  Marine x4  
  117  9:22  SCV x3  
  113  9:27  Siege Tank  
  114  9:31  Marine x2  
  114  9:32  Marine, Factory  
  118  9:41  Marine x2  
  118  9:42  Marine x2  
  116  9:47  SCV  
  116  9:48  SCV  
  115  9:59  SCV  
  116  10:02  Marine x7  
  116  10:03  Marine  
  124  10:11  SCV  
  124  10:12  SCV  
  126  10:19  Marine  
  126  10:20  Marine x3  
  130  10:26  Factory Tech Lab  
  129  10:48  Command Center  
  122  10:50  Marine x4  
  122  10:51  Marine  
  122  10:56  Marine x3  
Show
View Real Time Build Order
Export as new Build Order

TuneTrigger Terran 

Build Orders: Reaper Expand 

Get SALT Encoding   

  12  0:00  SCV  
  13  0:13  SCV  
  14  0:18  Supply Depot  
  14  0:25  SCV  
  15  0:39  SCV  
  15  0:42  Barracks  
  16  0:46  Refinery  
  16  0:52  SCV  
  17  1:04  SCV  
  18  1:16  SCV  
  19  1:31  Reaper  
  19  1:32  Orbital Command  
  20  1:46  Command Center  
  20  1:59  Supply Depot  
  20  2:01  SCV  
  20  2:03  Reaper  
  22  2:13  SCV  
  23  2:25  Factory  
  23  2:26  SCV  
  24  2:38  SCV  
  24  2:50  SCV, Refinery  
  25  2:58  Barracks Reactor  
  25  3:08  SCV  
  26  3:13  Orbital Command  
  26  3:19  Factory Tech Lab  
  26  3:20  SCV  
  27  3:27  Command Center  
  27  3:32  SCV  
  27  3:34  Orbital Command  
  26  3:42  Marine x2  
  26  3:44  SCV  
  26  3:45  Cyclone  
  32  3:56  SCV  
  32  3:57  Engineering Bay  
  32  4:00  Marine x2  
  35  4:07  SCV  
  35  4:08  SCV  
  37  4:17  Siege Tank, Starport  
  40  4:25  Marine x2  
  40  4:27  SCV  
  40  4:30  Orbital Command  
  43  4:38  Orbital Command  
  43  4:39  SCV  
  43  4:43  Marine x2  
  46  4:51  SCV  
  47  4:54  Terran Infantry Weapons Level 1  
  47  4:57  Starport Tech Lab  
  47  4:58  SCV  
  48  5:03  SCV  
  48  5:06  Siege Tank, Marine x2  
  54  5:10  SCV  
  55  5:16  Missile Turret, SCV x2  
  55  5:17  Missile Turret  
  57  5:22  SCV  
  58  5:29  SCV x2  
  58  5:32  Refinery x2  
  58  5:34  SCV  
  61  5:38  Stimpack  
  61  5:54  Missile Turret  
  61  5:57  Missile Turret  
  61  5:58  Barracks, Missile Turret  
  61  6:00  Barracks, Supply Depot  
  61  6:01  Supply Depot  
  61  6:21  Marine, Viking x2  
  61  6:22  SCV x3  
  61  6:23  Siege Tank  
  72  6:34  SCV x3  
  72  6:36  Engineering Bay  
  72  6:38  Armory  
  72  6:39  Marine  
  76  6:46  Barracks Reactor, SCV x2  
  77  6:47  Barracks Reactor  
  77  6:49  Terran Infantry Armor Level 1  
  77  7:07  Orbital Command  
  77  7:17  Supply Depot  
  77  7:19  Supply Depot  
  77  7:20  Supply Depot  
  77  7:21  Supply Depot  
  77  7:23  Barracks, Factory  
  77  7:24  Supply Depot x2  
  77  7:25  Barracks x2  
  77  7:38  Siege Tank, Marine x3, SCV x2  
  77  7:40  Medivac  
  77  7:41  SCV  
  87  7:47  Marine x2  
  87  7:51  SCV x2  
  91  7:52  Refinery  
  91  7:56  Marine x2  
  91  7:57  Refinery  
  95  8:03  SCV x2  
  89  8:11  Siege Tank, Marine  
  89  8:12  Command Center  
  92  8:13  Barracks Reactor x3  
  92  8:14  Factory Tech Lab  
  92  8:15  SCV x2  
  92  8:16  Terran Infantry Weapons Level 2  
  92  8:19  Terran Vehicle Weapons Level 1  
  94  8:39  Supply Depot  
  94  8:41  Supply Depot  
  94  8:42  Supply Depot  
  94  8:43  Marine x3, Supply Depot  
  94  8:45  Supply Depot  
  96  8:52  Marine x5  
  95  9:06  Marine x3  
  94  9:10  Marine x3  
  94  9:11  Marine x2  
  94  9:14  Marine x3  
  73  9:24  Marine x3  
  73  9:28  Siege Tank, Marine  
  79  9:34  Marine x2  
  79  9:35  Marine x3, Liberator x2  
  80  9:54  SCV  
  73  10:07  SCV  
  63  10:13  Siege Tank  
  64  10:32  Marine x2  
  66  10:49  Marine x4  
  43  10:53  Marine x3  
  45  11:05  SCV  
Tags
 
Add a new tag
Caveats
  • Supply blocks, unpowered buildings, or Contaminate may cause inaccurate times.
  • Supply counts are checked every 10 seconds.